 Dungeon Crawl Stone Soup version 0.18.1-48-g4cf74bf (webtiles) character file.

5774 Gargoyl the Protected (level 10, -8/77 HPs)
             Began as a Demonspawn Abyssal Knight on Sept 8, 2016.
             Was a Priest of Lugonu.
             Mangled by a chaos spawn (9 damage)
             ... summoned by an obsidian statue
             ... on level 9 of the Dungeon.
             The game lasted 00:19:24 (8538 turns).

Gargoyl the Protected (Demonspawn Abyssal Knight)   Turns: 8538, Time: 00:19:24

Health: -8/77      AC: 24    Str: 19    XL:     10   Next: 49%
Magic:  2/14       EV:  9    Int: 11    God:    Lugonu [***...]
Gold:   74         SH:  5    Dex: 13    Spells: 0 memorised, 9 levels left

rFire  . . .     SeeInvis .     y - +0 hand axe (drain)
rCold  . . .     Gourm    .     e - +1 plate armour
rNeg   . . .     Faith    .     H - +2 buckler {AC+3}
rPois  .         Spirit   .     (no helmet)
rElec  .         Dismiss  .     E - +0 cloak
rCorr  .         Reflect  .     F - +0 pair of gloves {Str+3}
SustAt +         Harm     .     (no boots)
MR     .....     Rnd*Rage +     (no amulet)
Stlth  ..........               p - ring of sustain attributes
                                i - +2 ring of evasion

@: about to teleport, drained, not resistant to hostile enchantments, extremely
unstealthy
A: claws 1, talons 1, slimy green scales 2, berserk 1, dopey 1, spiny 1, rot
immunity
a: Depart the Abyss, Bend Space, Banish, Renounce Religion


You were on level 9 of the Dungeon.
You worshipped Lugonu.
Lugonu was most pleased with you.
You were very hungry.

You visited 1 branch of the dungeon, and saw 9 of its levels.
You visited the Abyss 1 time.
You also visited: Bailey.

You collected 560 gold pieces.
You spent 486 gold pieces at shops.

Inventory:

Hand Weapons
 a - a +1 war axe
 l - a +0 dagger
 m - a +0 hand axe of flaming
 y - a +0 hand axe of draining (weapon)
Missiles
 t - 11 tomahawks
 C - 3 javelins (quivered)
Armour
 b - a +0 helmet
 e - a +1 plate armour (worn)
 E - a +0 cloak (worn)
 F - a +0 pair of gloves of strength (worn)
 H - a +2 buckler of protection (worn)
Jewellery
 i - a +2 ring of evasion (left hand)
 p - a ring of sustain attributes (right hand)
Wands
 d - a wand of paralysis (24/24)
 x - a wand of digging (11/24)
 A - a wand of polymorph (14/24)
 G - a wand of iceblast (9/15)
 I - a wand of polymorph (9/24)
Scrolls
 f - 3 scrolls of identify
 g - 4 scrolls of teleportation
 o - 2 scrolls of magic mapping
 q - a scroll of recharging
 s - 2 scrolls of remove curse
 w - 2 scrolls of fear
Potions
 n - a potion of flight
Books
 r - a book of Ice

   Spells                             Type                      Level
   a - Ice Form                       Ice/Transmutation            4
   b - Metabolic Englaciation         Hexes/Ice                    5
   c - Ozocubu's Refrigeration        Ice                          6
   d - Bolt of Cold                   Conjuration/Ice              6
   e - Freezing Cloud                 Conjuration/Ice/Air          6
   f - Simulacrum                     Ice/Necromancy               6
 J - a book of Alchemy

   Spells                             Type                      Level
   a - Sublimation of Blood           Necromancy                   2
   b - Ignite Poison                  Fire/Transmutation/Poison    3
   c - Petrify                        Transmutation/Earth          4
   d - Alistair's Intoxication        Transmutation/Poison         5
   e - Irradiate                      Conjuration/Transmutation    5
Comestibles
 c - 7 bread rations
 h - 5 slices of pizza
 k - 13 fruits
 u - 3 meat rations
 v - 9 royal jellies
 D - 8 beef jerkies


   Skills:
 + Level 6.6(6.3) Fighting
 + Level 6.0(5.6) Axes
 + Level 1.2(0.9) Throwing
 * Level 10.5(10.1) Armour
 + Level 3.6(3.3) Dodging
 + Level 1.5(1.1) Stealth
 + Level 1.1(0.8) Shields
 + Level 6.3(5.9) Invocations


You had 9 spell levels left.
You didn't know any spells.

Dungeon Overview and Level Annotations

Branches:
Dungeon (9/15)             Temple (0/1) D:7            Lair (0/8) D:9
    Orc: D:9-12

Altars:
Dithmenos
Gozag
Okawaru
Pakellas
Ru
Sif Muna
Trog
Zin

Shops:
D:8 [

Annotations:
D:9 exclusion: obsidian statue


Innate Abilities, Weirdness & Mutations

You have sharp fingernails.
You are mostly covered in slimy green scales (AC +3).
You are partially covered in sharp spines.
You are immune to rotting.
You have sharp toenails.
You tend to lose your temper in combat.
You are dopey. (Int -2)


Message History

The ufetubus hits you but does no damage.
The white imp barely misses you.
Drink which item? (? for menu, Esc to quit)
Okay, then.
You closely miss the white imp.
You claw the white imp, but do no damage.
You hit the obsidian statue but do no damage.
The obsidian statue is moderately damaged.
You closely miss the ufetubus. You closely miss the chaos spawn.
The chaos spawn is heavily wounded.
You hit the chaos spawn.
The chaos spawn is heavily wounded.
You closely miss the crimson imp. You barely miss the ufetubus.
The ufetubus is heavily wounded.
The ufetubus disappears in a puff of smoke! x3
The obsidian statue's eyes glow briefly.
The chaos spawn is struck by your spines.
The chaos spawn gores you but does no damage.
The chaos spawn hits you!
You die...

..#...# *,***,* #.#.## #...###
*****,***,* #....# ##.##
*,,,,,,**,* *#.#.#. ##.#
**,,,,,,*,* #..#..# ...#
**,,,,,*##,* ##.##.. ####
**,,,,,##!##* ######,.#.#
**,,,,,##...## #.....,....
*,,,,,##3§83(# #.##.###...
#########,,,##§.@5.#* #.##.# #..#
..#.....##,##..35§### #.##.# #).#
#.#......###.....##.# #.##.# #..#
#.#.............###.###.##.###..#
#....†......................##...
#..^......#####.#..............##
#.........# #.....###.###.####
#.........# ###...# #.# #.#
#..###.#### #...# #.# #.#


You could see an obsidian statue, a neqoxec, 2 chaos spawn, a crimson imp and a
white imp.

Vanquished Creatures
  Erica (D:8)
  Pikel (D:4)
  2 deep elf magi (Bailey)
  The ghost of Snowbuddha the Chucker, an amateur OgHu of Gozag (D:4)
  A troll (D:9)
  Prince Ribbit (D:5)
  A two-headed ogre (D:9)
  Eustachio (D:6)
  2 soldier ants (D:8)
  An orc warrior (D:9)
  A sky beast (D:9)
  2 slaves (D:4)
  A black bear (D:8)
  A wasp (D:8)
  An ice beast (D:6)
  A necrophage (D:7)
  2 centaurs
  2 ogres
  A big kobold (D:9)
  Blork the orc (D:5)
  A giant frog (D:6)
  A scorpion (D:4)
  3 howler monkeys
  4 crimson imps
  2 centaur zombies
  4 hounds
  A giant frog zombie (D:5)
  3 orc wizards
  3 orc priests
  A giant frog skeleton (D:6)
  Ijyb (D:3)
  2 iguanas (D:5)
  5 worker ants
  A howler monkey zombie (D:5)
  4 gnolls (D:7)
  5 adders
  A shadow imp (D:8)
  2 oozes
  4 worms
  2 dart slugs (D:3)
  5 giant geckos
  21 orcs
  5 giant cockroaches
  13 goblins
  4 hobgoblins
  11 jackals
  4 quokkas
  A ball python (D:3)
  7 bats
  A giant gecko skeleton (D:5)
  A giant gecko zombie (D:8)
  5 giant newts
  6 kobolds
  4 rats
163 creatures vanquished.

Vanquished Creatures (others)
  The ghost of Gargoyl the Protected, a novice DsAK of Lugonu (D:8)
  A manticore (D:7)
  A worker ant (D:5)
3 creatures vanquished.

Grand Total: 166 creatures vanquished

Notes
Turn   | Place    | Note
--------------------------------------------------------------
     0 | Abyss:1  | Gargoyl the Demonspawn Abyssal Knight began the quest for the Orb.
     0 | Abyss:1  | Reached XP level 1. HP: 18/18 MP: 2/2
    59 | Abyss:2  | Noticed an ancient zyme
    77 | Abyss:2  | Found a corrupted altar of Lugonu.
    96 | Abyss:2  | Noticed a starcursed mass
    98 | D:1      | Escaped the Abyss
   372 | D:1      | Reached skill level 2 in Armour
   396 | D:1      | Reached skill level 1 in Dodging
   499 | D:1      | Reached * piety under Lugonu
   577 | D:1      | Gained mutation: You are partially covered in sharp spines. [demonic ancestry]
   577 | D:1      | Reached XP level 2. HP: 24/24 MP: 3/3
   837 | D:2      | Found an iron altar of Okawaru.
  1199 | D:2      | Reached XP level 3. HP: 29/29 MP: 4/4
  1434 | D:2      | Found a glowing silver altar of Zin.
  1652 | D:3      | Noticed Ijyb
  1665 | D:3      | Killed Ijyb
  1665 | D:3      | Reached ** piety under Lugonu
  1665 | D:3      | Reached skill level 3 in Armour
  1665 | D:3      | Reached XP level 4. HP: 35/36 MP: 5/5
  2699 | D:4      | Noticed Snowbuddha's ghost (amateur OgHu)
  2712 | D:5      | Entered Level 5 of the Dungeon
  2723 | D:5      | Gained mutation: You are partially covered in slimy green scales (AC +2). [demonic ancestry]
  2723 | D:5      | Reached XP level 5. HP: 28/42 MP: 7/7
  3050 | D:5      | Noticed Eustachio
  3305 | D:6      | Killed Eustachio
  3305 | D:6      | Reached skill level 4 in Armour
  3305 | D:6      | Gained mutation: You have sharp fingernails. [demonic ancestry]
  3305 | D:6      | Reached XP level 6. HP: 36/49 MP: 8/8
  3618 | D:4      | Reached skill level 5 in Armour
  3716 | D:4      | Killed Snowbuddha's ghost
  3716 | D:4      | Gained mutation: You are immune to rotting. [demonic ancestry]
  3716 | D:4      | Reached XP level 7. HP: 55/55 MP: 9/9
  3952 | D:5      | Reached skill level 6 in Armour
  3971 | D:5      | Noticed Pikel
  4113 | D:4      | Killed Pikel
  4113 | D:4      | Reached skill level 7 in Armour
  4113 | D:4      | Reached XP level 8. HP: 47/61 MP: 10/10
  4258 | D:5      | Reached skill level 5 in Fighting
  4260 | D:5      | Noticed Blork the orc
  4270 | D:5      | Killed Blork the orc
  4371 | D:5      | Noticed Prince Ribbit
  4391 | D:5      | Killed Prince Ribbit
  4391 | D:5      | Reached skill level 8 in Armour
  4504 | D:5      | Found a shadowy altar of Dithmenos.
  4680 | D:5      | Reached *** piety under Lugonu
  4785 | D:6      | Found a sacrificial altar of Ru.
  4923 | D:6      | Found a shadowy altar of Dithmenos.
  5033 | D:6      | Gained mutation: You are mostly covered in slimy green scales (AC +3). [demonic ancestry]
  5033 | D:6      | Reached XP level 9. HP: 68/68 MP: 11/11
  5239 | D:7      | Reached skill level 9 in Armour
  5347 | D:7      | Found an opulent altar of Gozag.
  5563 | D:7      | Found an oddly glowing altar of Pakellas.
  5565 | D:7      | Noticed a manticore
  5569 | D:7      | Killed a manticore
  5646 | D:7      | Found a staircase to the Ecumenical Temple.
  5722 | D:8      | Reached skill level 1 in Throwing
  5739 | D:8      | Noticed Gargoyl's ghost (novice DsAK)
  5777 | D:8      | Gained mutation: You are dopey. (Int -2) [potion of mutation]
  5777 | D:8      | Gained mutation: You tend to lose your temper in combat. [potion of mutation]
  5777 | D:8      | Gained mutation: You have sharp toenails. [potion of mutation]
  5799 | D:8      | Banished Gargoyl's ghost
  5799 | D:8      | Reached skill level 5 in Axes
  6230 | D:8      | Noticed Erica
  6313 | D:8      | Killed Erica
  6313 | D:8      | Reached skill level 1 in Stealth
  6313 | D:8      | Reached skill level 5 in Invocations
  6800 | D:8      | Reached XP level 10. HP: 25/76 MP: 12/14
  7146 | D:8      | Found Nuomep's Armour Shoppe.
  7166 | D:8      | Bought a +0 pair of gloves of strength for 149 gold pieces
  7166 | D:8      | Bought a +2 buckler of protection for 279 gold pieces
  7182 | D:8      | Bought a +0 cloak for 58 gold pieces
  7276 | D:8      | Found a deep blue altar of Sif Muna.
  7561 | D:9      | Found a bloodstained altar of Trog.
  7621 | D:9      | Reached skill level 10 in Armour
  7645 | D:9      | Found a flagged portal.
  7654 | Bailey   | Entered a bailey
  7690 | Bailey   | Noticed a deep elf mage
  7702 | Bailey   | Killed a deep elf mage
  7812 | Bailey   | Noticed a deep elf mage
  7813 | Bailey   | Noticed a deep elf mage
  7813 | Bailey   | Noticed a deep elf mage
  7813 | Bailey   | Noticed a deep elf mage
  7813 | Bailey   | Noticed a deep elf mage
  7813 | Bailey   | Noticed a deep elf mage
  7823 | Bailey   | Killed a deep elf mage
  8344 | D:9      | Reached **** piety under Lugonu
  8358 | D:9      | Reached skill level 1 in Shields
  8515 | D:9      | Noticed an obsidian statue
  8536 | D:9      | HP: 1/77 [chaos spawn[an obsidian statue] (7)]
  8538 | D:9      | Mangled by a chaos spawn

Skill      XL: |  1  2  3  4  5  6  7  8  9 10 |
---------------+-------------------------------+-----
Armour         | 2 3 4 5 7 8 9 10 | 10.5
Dodging        | 1 3 |  3.6
Axes           | 2 3 4 5 6 |  6.0
Fighting       | 4 5 6 |  6.6
Invocations    | 3 5 6 |  6.3
Throwing       | 1 |  1.2
Stealth        | 1 |  1.5
Shields        | 1 |  1.1

Action                   |  1- 3 |  4- 6 |  7- 9 | 10-12 || total
-------------------------+-------+-------+-------+-------++-------
Melee: Hand axe          |    59 |    73 |   269 |   115 ||   516
       Kick              |       |       |    14 |    46 ||    60
Throw: Javelin           |       |     4 |     8 |       ||    12
Invok: Depart the Abyss  |     1 |       |       |       ||     1
       Banish            |       |       |     4 |     3 ||     7
  Use: Scroll            |       |    10 |     3 |     4 ||    17
       Potion            |       |     3 |    12 |     2 ||    17
 Stab: Invisible         |       |       |     2 |       ||     2
  Eat: Chunk             |     1 |     9 |    13 |     5 ||    28
Armor: Plate armour      |    46 |    72 |   179 |   127 ||   424
       Skin              |       |       |    28 |       ||    28
Dodge: Dodged            |     9 |    23 |    93 |    84 ||   209
Block: Buckler           |       |       |       |    53 ||    53
